AoeStats
← Josu Stark

Black Forest

510322787Analyzed
4v4 RM · 3d ago on Sep 30, 2026· 47m 17s· 8 players
Game mode
Random Map
Map size
Large (8 player)
Population
200
Speed
Normal
Resources
Standard
Victory
Conquest
Starting age
Dark Age
Ending age
Imperial Age
RankedLock teamsTeams togetherTeam positionsShared explorationLock speedFull tech treeHidden civsTurbo modeCheats
Victory
Defeat
🇨🇳 Japanese · China
1638
+17
1606
+19
🇹🇼 Bulgarians · Taiwan
1601
+19
🇩🇪 Ethiopians · Germany
1551
+21
🇩🇪 Danes · Germany
1765
-23
🇪🇸 Poles · Spain
1660
-19
🇨🇳 Maya · China
1629
-18
🇮🇹 Britons · Italy
1594
-16
Josu Stark
12:14 Feudal Age
13:20 Double-Bit Axe
13:24 Fishing Lines
16:13 Castle Age
17:09 Bow Saw
20:35 Wheelbarrow
20:59 Gillnets
21:37 Horse Collar
22:28 Heavy Plow
25:13 Hand Cart
24:43 Loom
24:44 Town Watch
24:59 Stone Mining
26:30 Gold Mining
27:16 Stone Shaft Mining
30:05 Imperial Age
27:35 Treadmill Crane
28:51 Scale Barding Armor
28:56 Forging
28:54 Szlachta Privileges
29:49 Ballistics
29:39 Masonry
29:52 Chain Barding Armor
30:12 Iron Casting
29:29 Fletching
30:13 Murder Holes
31:20 Bloodlines
30:37 Cavalier
31:17 Husbandry
31:49 Crop Rotation
32:25 Blast Furnace
31:50 Conscription
32:06 Hoardings
32:33 Chemistry
32:08 Conscription
32:44 Coinage
32:16 Bodkin Arrow
32:55 Light Cavalry
36:15 Banking
36:20 Siege Engineers
36:10 Murder Holes
36:26 Fortified Wall
37:35 Caravan
38:35 Bracer
BF_Xin
11:09 Feudal Age
11:59 Double-Bit Axe
15:23 Castle Age
14:22 Horse Collar
16:17 Bow Saw
16:07 Heavy Plow
24:05 Gold Mining
24:06 Stone Mining
28:31 Imperial Age
26:49 Gold Shaft Mining
26:50 Stone Shaft Mining
27:05 Wheelbarrow
26:42 Forging
26:44 Scale Mail Armor
28:24 Iron Casting
28:33 Chain Mail Armor
29:19 Hand Cart
29:35 Conscription
30:33 Blast Furnace
29:11 Elite Varangian Guard
29:52 Squires
29:38 Arson
29:39 Gambesons
29:20 Hamask
30:45 Plate Mail Armor
32:00 Fishing Lines
33:03 Ballistics
33:08 Loom
34:27 Chemistry
33:09 Onager
36:17 Fishing Lines
36:47 Siege Onager
37:58 Siege Engineers
37:18 Capped Ram
39:39 Siege Ram
39:54 Elite Longship
42:50 Masonry
44:49 Caravan
雾枝
0:29 Loom
9:08 Feudal Age
10:49 Double-Bit Axe
11:27 Fletching
15:28 Double-Bit Axe
17:59 Horse Collar
24:41 Castle Age
25:04 Stone Mining
25:11 Crossbowman
27:11 Wheelbarrow
26:42 Gold Mining
33:54 Imperial Age
31:51 Ballistics
32:32 Heavy Plow
32:35 Bodkin Arrow
33:32 Thumb Ring
33:58 Arbalester
34:43 Bracer
36:14 Chemistry
36:15 Stone Shaft Mining
36:14 Padded Archer Armor
37:23 Guilds
38:29 Leather Archer Armor
40:06 Hand Cart
41:20 Conscription
41:01 Hul'che Javelineers
Pipsqueak
1:40 Loom
10:29 Feudal Age
14:02 Castle Age
12:31 Double-Bit Axe
15:16 Bow Saw
16:26 Fletching
17:10 Fletching
22:21 Wheelbarrow
23:03 Gold Mining
24:12 Town Watch
25:10 Stone Mining
28:48 Imperial Age
27:09 Gold Shaft Mining
27:27 Ballistics
27:18 Bodkin Arrow
30:02 Masonry
29:57 Bracer
32:28 Chemistry
32:55 Padded Archer Armor
36:31 Conscription
36:48 Yeomen
36:47 Leather Archer Armor
36:30 Elite Longbowman
38:25 Ring Archer Armor
39:44 Siege Engineers
40:47 Warwolf
43:37 Caravan
43:55 Hand Cart
胖子事情多
5:28 Loom
11:40 Feudal Age
15:21 Castle Age
13:18 Double-Bit Axe
13:21 Fishing Lines
16:23 Gillnets
17:42 Bow Saw
22:42 Wheelbarrow
22:39 Stone Mining
28:21 Imperial Age
26:53 Forging
26:43 Scale Mail Armor
27:20 Hand Cart
26:59 Gold Mining
27:37 Squires
27:22 Gambesons
28:02 Pikeman
28:32 Capped Ram
29:10 Guard Tower
29:16 Halberdier
30:43 Chain Mail Armor
31:08 Iron Casting
30:51 Elite Samurai
32:11 Plate Mail Armor
32:26 Conscription
32:22 Yasama
33:08 Gold Shaft Mining
33:19 Keep
33:06 Ballistics
34:18 Blast Furnace
34:46 Chemistry
34:47 Kataparuto
35:08 Treadmill Crane
35:45 Fletching
37:28 Bodkin Arrow
38:27 Bracer
39:56 Caravan
39:53 Arrowslits
40:04 Murder Holes
43:43 Siege Engineers
44:52 Masonry
好奇小牛
11:06 Feudal Age
12:35 Double-Bit Axe
15:14 Castle Age
15:39 Wheelbarrow
15:45 Fishing Lines
16:18 Bow Saw
19:25 Loom
20:39 Gillnets
23:44 Horse Collar
26:02 Stone Mining
26:04 Gold Mining
26:30 Forging
28:55 Imperial Age
26:58 Hand Cart
26:28 Town Watch
27:57 Stone Shaft Mining
27:56 Scale Barding Armor
28:28 Iron Casting
28:39 Gold Shaft Mining
29:17 Bloodlines
29:08 Husbandry
29:31 Chain Barding Armor
29:15 Scale Mail Armor
30:40 Blast Furnace
30:20 Plate Barding Armor
30:02 Chain Mail Armor
29:50 Caravan
30:21 Squires
31:03 Conscription
30:14 Elite Konnik
32:07 Stirrups
33:00 Plate Mail Armor
32:23 Fletching
32:19 Arson
32:16 Capped Ram
34:04 Bodkin Arrow
37:59 Ballistics
38:06 Bracer
39:39 Siege Ram
41:59 Chemistry
41:11 Masonry
41:01 Light Cavalry
45:33 Hussar
枕上鸳鸯睡红莲
1:05 Loom
9:33 Feudal Age
10:38 Double-Bit Axe
12:42 Fletching
17:08 Gold Mining
21:10 Castle Age
19:50 Fishing Lines
22:10 Gillnets
22:33 Bow Saw
22:59 Wheelbarrow
25:26 Horse Collar
31:32 Imperial Age
29:37 Heavy Plow
29:43 Stone Mining
30:29 Gold Shaft Mining
31:53 Coinage
31:26 Caravan
32:04 Hand Cart
31:39 Onager
32:33 Siege Engineers
32:58 Forging
33:54 Hoardings
33:37 Masonry
34:23 Conscription
34:09 Scale Barding Armor
34:41 Iron Casting
35:49 Two-Man Saw
35:12 Chain Barding Armor
36:02 Elite Mameluke
37:22 Plate Barding Armor
37:13 Bloodlines
39:12 Siege Onager
42:01 Blast Furnace
41:42 Counterweights
42:37 Capped Ram
Mazer
3:10 Loom
12:00 Feudal Age
16:10 Castle Age
14:51 Double-Bit Axe
17:50 Fletching
20:05 Bow Saw
27:50 Imperial Age
25:23 Fishing Lines
25:55 Gold Mining
25:53 Horse Collar
26:56 Heavy Plow
30:13 Chemistry
30:41 Conscription
30:23 Scale Mail Armor
34:17 Bodkin Arrow
34:43 Ballistics
35:39 Bracer
37:50 Two-Man Saw
36:25 Crossbowman
37:52 Gillnets
39:34 Torsion Engines
39:46 Siege Engineers
40:39 Wheelbarrow
42:09 Padded Archer Armor
42:44 Hand Cart
42:48 Leather Archer Armor
42:32 Elite Skirmisher
43:35 Caravan
45:20 Ring Archer Armor
Connection lost

Rejoining the realm…

Still unreachable

The connection could not be restored.

Session expired

The server has moved on; the page needs a fresh start.